Map: Odyssey LE

Players

johnnyblaze - Winner!

  • Race: Zerg Zerg
  • League: Platinum
  • Spawn Location: 11:00

Metasapien

  • Race: Zerg Zerg
  • League: Platinum
  • Spawn Location: 5:00

VOD

Have the link to the VOD?

Description

Time

  • Played on: Sept. 24, 2017, 11:12 p.m.
  • Length: 13:31
Show
View Real Time Build Order
Export as new Build Order

johnnyblaze Zerg - Winner!

Build Orders: Pool First 

Get SALT Encoding   

  12  0:01  Drone  
  13  0:09  Drone  
  14  0:16  Overlord  
  14  0:35  Drone  
  15  0:36  Drone  
  15  0:38  Drone  
  17  0:53  Spawning Pool  
  17  0:54  Drone  
  17  1:01  Drone  
  18  1:06  Extractor  
  17  1:21  Hatchery  
  17  1:24  Drone  
  17  1:28  Drone  
  18  1:36  Drone  
  19  1:43  Zergling x2  
  19  1:46  Queen  
  22  1:59  Overlord  
  22  2:06  Overlord  
  22  2:15  Overlord  
  22  2:29  Drone  
  23  2:38  Zergling x4  
  23  2:42  Queen  
  27  2:45  Zergling x4  
  29  2:55  Drone x2  
  29  2:58  Drone x2  
  33  3:06  Metabolic Boost  
  33  3:13  Drone x2  
  35  3:23  Zergling x4  
  37  3:27  Zergling x4  
  39  3:38  Zergling x2  
  40  3:44  Zergling x2  
  41  4:03  Zergling x12  
  41  4:09  Zergling x2  
  48  4:16  Zergling x8  
  52  4:26  Hatchery  
  52  4:27  Lair  
  52  4:30  Zergling x4, Extractor  
  50  4:50  Zergling x8  
  51  4:55  Zergling x2  
  51  5:00  Zergling x2  
  51  5:01  Zergling x2  
  47  5:07  Zergling x6  
  45  5:17  Zergling x4  
  43  5:32  Drone x2  
  43  5:45  Spire  
  43  5:46  Zergling x10  
  47  5:54  Zergling x4  
  47  5:55  Zergling x8  
  51  6:01  Zergling x2  
  51  6:02  Zergling x6  
  53  6:05  Queen  
  52  6:13  Zergling x6  
  52  6:21  Zergling x4  
  52  6:22  Zergling x6  
  56  6:28  Drone x2, Zergling x2  
  56  6:29  Drone  
  58  6:39  Overlord x2  
  58  6:43  Drone x2  
  57  7:00  Drone x7  
  57  7:01  Drone  
  60  7:07  Drone x2  
  58  7:09  Spine Crawler  
  58  7:13  Mutalisk  
  58  7:14  Mutalisk  
  60  7:21  Drone x3  
  62  7:24  Drone  
  62  7:25  Drone  
  63  7:31  Mutalisk  
  63  7:33  Drone x2  
  67  7:39  Mutalisk x2  
  71  7:47  Drone x4  
  71  7:49  Overlord  
  73  8:00  Overlord x3, Spine Crawler  
  71  8:10  Spine Crawler, Mutalisk x3  
  76  8:16  Drone x2  
  76  8:17  Drone x2  
  80  8:28  Mutalisk  
  82  8:41  Drone x3  
  84  8:43  Extractor  
  84  8:46  Extractor  
  84  8:48  Spore Crawler  
  79  8:52  Drone x5, Extractor x2  
  79  8:53  Drone x8  
  79  8:54  Overlord, Drone  
  89  9:05  Drone x4  
  89  9:06  Drone  
  89  9:07  Drone  
  94  9:23  Zergling x6  
  94  9:24  Zergling x2  
  98  9:37  Drone x5  
  98  9:38  Drone x4  
  107  9:40  Drone  
  108  9:47  Hatchery  
  97  10:07  Zergling x4  
  97  10:08  Zergling x4  
  97  10:11  Zergling x6  
  97  10:12  Zergling x2  
  99  10:15  Drone x2  
  99  10:16  Drone x5  
  106  10:24  Evolution Chamber  
  106  10:25  Drone x3  
  106  10:27  Evolution Chamber  
  107  10:38  Drone x3  
  110  10:49  Mutalisk  
  109  10:50  Mutalisk x2  
  109  10:53  Queen  
  109  10:56  Overlord x5  
  114  10:58  Queen x2  
  118  11:07  Zerg Ground Armor Level 1, Zerg Melee Weapons Level 1  
  118  11:11  Zergling x4  
  120  11:17  Mutalisk x2  
  120  11:18  Mutalisk x6  
  136  11:39  Spine Crawler x2  
  127  11:40  Zergling x8  
  127  11:41  Zergling x4  
  129  11:48  Drone x2  
  129  11:49  Drone x5  
  136  12:06  Infestation Pit  
  135  12:10  Zergling x2  
  135  12:11  Zergling x14  
  135  12:12  Overlord x2, Zergling x4  
  139  12:33  Zergling x4  
  139  12:34  Zergling x10  
  132  12:45  Zergling x6  
  132  12:46  Zergling x6  
  132  12:47  Drone  
  138  13:11  Spine Crawler, Hatchery  
  136  13:16  Hatchery  
  136  13:18  Hatchery  
Show
View Real Time Build Order
Export as new Build Order

Metasapien Zerg 

Build Orders: Pool First 

Get SALT Encoding   

  12  0:01  Drone  
  13  0:13  Overlord  
  13  0:24  Drone  
  14  0:30  Extractor  
  14  0:31  Drone x2  
  15  0:41  Drone  
  16  0:51  Spawning Pool  
  15  0:57  Drone  
  15  0:58  Drone  
  17  1:28  Hatchery  
  16  1:34  Drone  
  16  1:35  Drone x2  
  19  1:48  Zergling x2  
  19  1:54  Metabolic Boost  
  20  2:04  Drone  
  21  2:11  Drone  
  22  2:21  Queen  
  22  2:22  Roach Warren, Extractor  
  22  2:26  Overlord  
  22  2:37  Extractor  
  21  2:45  Drone  
  22  2:54  Zergling x2  
  22  2:55  Zergling x4  
  22  2:56  Drone  
  26  3:05  Drone  
  27  3:14  Hatchery  
  27  3:15  Drone  
  26  3:23  Drone x2  
  28  3:27  Queen  
  28  3:33  Roach  
  32  3:37  Roach  
  34  3:46  Drone  
  35  3:50  Spine Crawler  
  33  4:05  Spore Crawler  
  33  4:08  Spine Crawler, Ravager  
  32  4:11  Roach  
  32  4:12  Overlord  
  32  4:13  Overlord  
  34  4:19  Drone  
  35  4:30  Overlord, Spine Crawler  
  34  4:32  Drone  
  35  4:46  Zergling x8  
  35  4:47  Zergling x2  
  34  5:06  Zergling x10  
  24  5:22  Zergling x4  
  24  5:24  Drone  
  26  5:33  Drone x3  
  29  5:40  Drone  
  29  5:50  Queen  
  29  5:53  Roach x2  
  35  5:59  Spine Crawler  
  35  6:03  Zergling x6  
  33  6:08  Roach  
  28  6:27  Drone x3  
  33  6:33  Roach x3  
  37  6:41  Spine Crawler  
  30  6:47  Spine Crawler  
  30  6:48  Drone  
  30  6:51  Roach  
  30  6:52  Roach  
  30  6:53  Roach  
  34  6:54  Zergling x2  
  29  7:02  Zergling x2  
  24  7:12  Zergling x2  
  24  7:14  Drone x2  
  16  7:26  Roach  
  16  7:28  Zergling x2  
  15  7:40  Drone  
  15  7:41  Drone x2  
  18  7:44  Drone  
  17  7:54  Roach  
  19  8:17  Extractor, Spawning Pool  
  17  8:25  Drone  
  19  8:27  Drone x4  
  20  8:57  Evolution Chamber  
  20  9:00  Drone x3  
  22  9:04  Drone x2  
  22  9:05  Drone  
  22  9:09  Lair  
  25  9:15  Spore Crawler  
  24  9:19  Spore Crawler  
  24  9:22  Drone  
  24  9:23  Drone x3  
  27  9:31  Drone x2  
  28  9:39  Spore Crawler  
  28  9:42  Drone  
  26  9:55  Hatchery  
  26  9:59  Zergling x8  
  25  10:18  Drone, Spine Crawler x3  
  23  10:22  Drone  
  24  10:35  Drone x2  
  26  10:36  Zergling x2  
  26  10:39  Queen  
  28  10:55  Drone x2  
  28  10:57  Hydralisk Den  
  27  11:08  Queen  
  29  11:13  Drone  
  29  11:15  Zergling x8  
  34  11:23  Drone  
  35  11:28  Overlord  
  35  11:38  Drone  
  36  11:42  Drone, Spine Crawler  
  36  11:45  Spine Crawler  
  32  11:57  Hydralisk x3  
  38  12:04  Zergling x10  
  44  12:08  Drone x3  
  45  12:24  Zergling x2  
  45  12:25  Zergling x4  
  37  12:38  Hydralisk  
  27  12:47  Hydralisk x3  
  29  12:58  Hydralisk  
  29  13:05  Hydralisk  
Tags
 
Add a new tag
Caveats
  • Supply blocks, unpowered buildings, or Contaminate may cause inaccurate times.
  • Supply counts are checked every 10 seconds.